 Dungeon Crawl Stone Soup version 0.18.1-48-g4cf74bf (webtiles) character file.

10918 nikopol the Cleaver (level 11, 0/100 HPs)
             Began as a Minotaur Berserker on Sept 5, 2016.
             Was an Elder of Trog.
             Slain by a water moccasin (5 damage)
             ... on level 1 of the Lair of Beasts.
             The game lasted 00:25:52 (9698 turns).

nikopol the Cleaver (Minotaur Berserker)            Turns: 9698, Time: 00:25:53

Health: 0/100      AC: 12    Str: 22    XL:     11   Next: 42%
Magic:  10/10      EV: 23    Int:  4    God:    Trog [****..]
Gold:   433        SH:  4    Dex: 18    Spells: 0 memorised, 10 levels left

rFire  + . .     SeeInvis .     a - +0 war axe
rCold  . . .     Gourm    .     f - +1 ring mail {rF+}
rNeg   . . .     Faith    .     (no shield)
rPois  .         Spirit   .     (helmet restricted)
rElec  .         Dismiss  .     (no cloak)
rCorr  .         Reflect  +     g - +0 pair of gloves
SustAt .         Harm     .     E - +1 pair of boots
MR     ++...                    d - +4 amulet of reflection
Stlth  ++........               C - ring of loudness
                                G - ring of stealth

@: agile, lethally poisoned (0 -> 0), exhausted, regenerating, slowed, very
slow, very resistant to hostile enchantments, unstealthy
A: retaliatory headbutt, horns 2
a: Berserk, Trog's Hand, Brothers in Arms, Burn Spellbooks, Renounce Religion


You were on level 1 of the Lair of Beasts.
You worshipped Trog.
Trog was greatly pleased with you.
You were near starving.

You visited 2 branches of the dungeon, and saw 9 of its levels.

You collected 433 gold pieces.

Inventory:

Hand Weapons
 a - a +0 war axe (weapon)
 z - a +0 shortbow
 O - a +1 hand axe
Missiles
 h - 136 arrows (quivered)
Armour
 f - a +1 ring mail of fire resistance (worn)
 g - a +0 pair of gloves (worn)
 E - a +1 pair of boots (worn)
 H - the +2 leather armour "Numulas" {+Fly rPois rC++ Dex-4}
   (You found it on level 5 of the Dungeon)

   It affects your dexterity (-4).
   It greatly protects you from cold.
   It protects you from poison.
   It lets you fly.
Jewellery
 b - an uncursed ring of protection from fire
 d - a +4 amulet of reflection (around neck)
 C - a ring of loudness (right hand)
 G - a ring of stealth (left hand)
Wands
 m - a wand of iceblast (1/15)
 B - a wand of hasting (7/9)
 L - a wand of flame (31/48)
 M - a wand of enslavement (13/24)
Scrolls
 j - 5 scrolls of enchant armour
 k - 3 scrolls of fog {unknown}
 l - a scroll of torment {unknown}
 n - 2 scrolls of blinking
 q - 7 scrolls of identify
 v - 5 scrolls of recharging
 x - a scroll of fear {unknown}
 y - 3 scrolls of remove curse
 J - 3 scrolls of amnesia {unknown}
 N - a scroll of vulnerability {unknown}
 P - a scroll of enchant weapon
Potions
 e - 2 potions of heal wounds
 o - a potion of cancellation {unknown}
 r - 2 potions of berserk rage {unknown}
 s - 2 potions of invisibility {unknown}
 w - a potion of curing {unknown}
 A - a potion of flight {unknown}
 D - 2 potions of agility
 F - a potion of mutation {unknown}
 I - a potion of lignification {unknown}
 K - 2 potions of brilliance {unknown}
Comestibles
 c - 4 bread rations
 i - 2 meat rations
 p - 21 fruits
 t - 2 slices of pizza


   Skills:
 + Level 10.2 Fighting
 * Level 11.7 Axes
 * Level 7.2 Bows
 + Level 10.1 Armour
 + Level 9.2 Dodging


You had 10 spell levels left.
You didn't know any spells.

Dungeon Overview and Level Annotations

Branches:
Dungeon (8/15)             Temple (0/1) D:5            Lair (1/8) D:8

Altars:
Elyvilon
Nemelex Xobeh

Shops:
D:5 *


Innate Abilities, Weirdness & Mutations

You reflexively headbutt those who attack you in melee.
You have a pair of horns on your head.


Message History

* * * LOW HITPOINT WARNING * * *
You feel sick.
The water moccasin bites you but does no damage.
The water moccasin completely misses you.
Drink which item? (? for menu, Esc to quit)
Okay, then.
Your skin crawls.
You feel resistant to hostile enchantments.
You feel slightly more hungry.
You feel sick. You block the water moccasin's attack.
The water moccasin barely misses you. You furiously retaliate!
You headbutt the water moccasin!
You feel sick. You block the water moccasin's attack.
You feel sick. The water moccasin closely misses you.
You feel sick. The water moccasin misses you.
You feel sick. The water moccasin misses you. You furiously retaliate!
You headbutt the water moccasin. You hit the water moccasin.
The water moccasin is severely wounded.
You feel sick. The water moccasin bites you.
You die...

.......##+###.##.#
.................#
.................#
.................#
......####.#.##..#
##....# #..###..#
.#....##.....##..#
.....#.#.#.#.##.S#
.#............#.@##
.....#.#.#.#.##...#
.................##
.#...#.#.#.#.#..†#
.................##
.....#.#.#.#.#....#
.........>.......##
.....#.#.#.#.#...#
.................#


You could see a water moccasin.

Vanquished Creatures
  4 elephants (Lair:1)
  3 black mambas (Lair:1)
  5 spiny frogs (Lair:1)
  A komodo dragon (Lair:1)
  19 yaks
  Eustachio (D:6)
  A hippogriff (D:7)
  Grum (D:8)
  5 porcupines (Lair:1)
  2 water moccasins (Lair:1)
  2 ice beasts
  A phantom (D:6)
  An orc warrior (D:7)
  2 wolves (D:8)
  3 ogres
  2 centaurs
  5 giant frogs
  A water moccasin zombie (D:7)
  3 scorpions
  5 killer bees (D:8)
  4 wights (D:7)
  A howler monkey (D:4)
  3 giant frog zombies
  3 orc priests
  4 jellies
  2 giant frog skeletons
  2 hounds
  3 iguanas
  A centaur skeleton (D:6)
  5 worker ants
  A killer bee zombie (D:7)
  8 sheep (Lair:1)
  A hound skeleton (D:5)
  2 worker ant zombies
  3 gnolls (D:6)
  12 adders
  12 river rats (Lair:1)
  An ooze (D:1)
  An adder skeleton (D:5)
  An adder zombie (D:5)
  A worm (D:3)
  A dart slug (D:2)
  8 giant geckos
  19 orcs
  A ball python (D:1)
  8 bats
  10 giant cockroaches
  6 goblins
  8 hobgoblins
  3 kobolds
  7 quokkas
  5 giant newts
  7 rats
  A plant (Lair:1)
222 creatures vanquished.

Vanquished Creatures (others)
  3 plants (Lair:1)
3 creatures vanquished.

Grand Total: 225 creatures vanquished

Notes
Turn   | Place    | Note
--------------------------------------------------------------
     0 | D:1      | nikopol the Minotaur Berserker began the quest for the Orb.
     0 | D:1      | Reached XP level 1. HP: 19/19 MP: 0/0
   169 | D:1      | Reached XP level 2. HP: 27/27 MP: 1/1
   472 | D:1      | Reached ** piety under Trog
   492 | D:1      | Reached XP level 3. HP: 33/33 MP: 2/2
   836 | D:2      | Reached skill level 4 in Axes
   945 | D:2      | Reached XP level 4. HP: 18/40 MP: 3/3
  1855 | D:3      | Reached *** piety under Trog
  2147 | D:3      | Reached XP level 5. HP: 47/47 MP: 4/4
  2226 | D:3      | Found a white marble altar of Elyvilon.
  2562 | D:4      | Reached skill level 5 in Axes
  2733 | D:4      | Reached skill level 5 in Fighting
  2733 | D:4      | Reached XP level 6. HP: 36/56 MP: 5/5
  3149 | D:4      | Reached XP level 7. HP: 24/62 MP: 6/6
  3364 | D:4      | Reached skill level 5 in Armour
  3536 | D:5      | Entered Level 5 of the Dungeon
  3731 | D:5      | Reached **** piety under Trog
  3857 | D:5      | Got a polished leather armour
  3875 | D:5      | Identified the +2 leather armour "Numulas" {+Fly rPois rC++ Dex-4} (You found it on level 5 of the Dungeon)
  3916 | D:5      | Found Ohaaguadgh's General Store.
  3965 | D:5      | Found a staircase to the Ecumenical Temple.
  3996 | D:5      | Reached skill level 6 in Axes
  4172 | D:6      | Noticed a yak
  4172 | D:6      | Noticed a yak
  4173 | D:6      | Noticed a yak
  4174 | D:6      | Noticed a yak
  4177 | D:6      | Noticed a yak
  4189 | D:6      | Killed a yak
  4189 | D:6      | Reached skill level 5 in Dodging
  4194 | D:6      | Killed a yak
  4205 | D:5      | Killed a yak
  4205 | D:5      | Reached XP level 8. HP: 8/71 MP: 7/7
  4526 | D:6      | Reached skill level 7 in Axes
  5131 | D:6      | Noticed Eustachio
  5150 | D:6      | Killed Eustachio
  5150 | D:6      | Reached XP level 9. HP: 67/81 MP: 8/8
  5405 | D:7      | Reached skill level 8 in Axes
  5583 | D:7      | Found a sparkling altar of Nemelex Xobeh.
  6081 | D:7      | Reached skill level 1 in Bows
  6738 | D:8      | Noticed Grum
  6751 | D:8      | Killed Grum
  6751 | D:8      | Reached skill level 9 in Axes
  6838 | D:8      | Found a staircase to the Lair.
  7206 | Lair:1   | Entered Level 1 of the Lair of Beasts
  7426 | Lair:1   | Reached XP level 10. HP: 70/91 MP: 9/9
  7809 | Lair:1   | Noticed a black mamba
  7822 | Lair:1   | Killed a black mamba
  8045 | Lair:1   | Noticed an elephant
  8046 | Lair:1   | Noticed an elephant
  8047 | Lair:1   | Noticed an elephant
  8048 | Lair:1   | Noticed an elephant
  8065 | Lair:1   | Killed an elephant
  8065 | Lair:1   | Reached skill level 10 in Axes
  8070 | Lair:1   | Killed an elephant
  8070 | Lair:1   | Reached skill level 5 in Bows
  8074 | Lair:1   | Killed an elephant
  8084 | Lair:1   | HP: 1/91 [elephant (11)]
  8086 | Lair:1   | Killed an elephant
  8407 | Lair:1   | Noticed a spiny frog
  8417 | Lair:1   | Killed a spiny frog
  8638 | Lair:1   | Reached skill level 11 in Axes
  8640 | Lair:1   | Reached XP level 11. HP: 99/99 MP: 10/10
  8649 | Lair:1   | Received a gift from Trog
  8856 | Lair:1   | Reached skill level 10 in Fighting
  9556 | Lair:1   | Reached skill level 10 in Armour
  9691 | Lair:1   | HP: 3/100 [water moccasin (3)]
  9692 | Lair:1   | HP: 1/100 [poisoned by a water moccasin]
  9697 | Lair:1   | HP: 4/100 [poisoned by a water moccasin]
  9698 | Lair:1   | Slain by a water moccasin

Skill      XL: |  1  2  3  4  5  6  7  8  9 10 11 |
---------------+----------------------------------+-----
Dodging        | 3 4 5 6 7 8 9 |  9.2
Fighting       | 4 5 6 8 9 10 | 10.2
Axes           | 4 5 6 7 9 11 | 11.7
Armour         | 3 4 6 7 8 9 10 | 10.1
Bows           | 3 6 7 |  7.2

Action                   |  1- 3 |  4- 6 |  7- 9 | 10-12 || total
-------------------------+-------+-------+-------+-------++-------
Melee: Hand axe          |    84 |   116 |   255 |       ||   455
       Headbutt          |     9 |    17 |    60 |    48 ||   134
       War axe           |       |       |     6 |   174 ||   180
 Fire: Shortbow          |       |       |    47 |   133 ||   180
Invok: Berserk           |       |     1 |     4 |     3 ||     8
       Trog's Hand       |       |       |       |     1 ||     1
  Use: Scroll            |       |       |    11 |       ||    11
       Potion            |       |       |       |     2 ||     2
  Eat: Chunk             |       |     7 |    30 |     1 ||    38
       Beef jerky        |       |       |       |     1 ||     1
Armor: Animal skin       |    13 |       |       |       ||    13
       Ring mail         |    24 |    29 |    75 |    43 ||   171
       Leather armour    |       |       |    12 |       ||    12
Dodge: Dodged            |    47 |    83 |   183 |   142 ||   455
Block: Other             |       |       |       |    30 ||    30
